 Dungeon Crawl Stone Soup version 0.31.0-12-g77e489cdc1 (webtiles) character file.

Game seed: 7125270301426173892

947 Doomgape the Shooter (level 8, -2/49 HPs)
             Began as a Kobold Hunter on Feb 11, 2024.
             Was an Initiate of Okawaru.
             Slain by a gnoll
             ... wielding a +0 spear
             ... led by a gnoll bouda
              (5 damage)
             ... on level 6 of the Dungeon.
             The game lasted 00:13:25 (4116 turns).

Doomgape the Shooter (Kobold Hunter)                Turns: 4116, Time: 00:13:26

Health: -2/49      AC:  5    Str:  8    XL:     8   Next: 35%
Magic:  8/8        EV: 17    Int: 11    God:    Okawaru [......]
Gold:   332        SH:  0    Dex: 20    Spells: 7/7 levels left

rFire   . . .        a - +0 shortbow (flame)
rCold   . . .        (shield currently unavailable)
rNeg    . . .        j - +2 leather armour {rPois}
rPois   +            (no helmet)
rElec   .            (no cloak)
rCorr   .            (no gloves)
SInv    .            (no boots)
Will    .....        (no amulet)
Stlth   ++++         (no ring)
HPRegen 0.28/turn    (no ring)
MPRegen 0.11/turn

%: no passive effects
@: no status effects
A: small, no large weapons, nightstalker 3
a: Renounce Religion


You were on level 6 of the Dungeon.
You worshipped Okawaru.
Okawaru was noncommittal.
You visited 1 branch of the dungeon, and saw 6 of its levels.
You also visited: Ossuary.

You collected 332 gold pieces.

Inventory:

Hand Weapons
 a - a +0 shortbow of flaming (weapon)
 e - a +2 dagger of protection
 r - a +0 orcbow
Armour
 j - a +2 leather armour of poison resistance (worn)
Talismans
 g - a talisman of death
Wands
 c - a wand of digging (1)
Scrolls
 b - 2 scrolls of butterflies
 d - 8 scrolls of teleportation
 f - a scroll of blinking
 i - a scroll of vulnerability
 k - a scroll of identify
Potions
 h - a potion of magic
 l - a potion of enlightenment {unknown}
 m - a potion of ambrosia {unknown}
 n - a potion of curing {unknown}
 o - a potion of lignification {unknown}
 p - 4 potions of attraction
 q - a potion of mutation {unknown}


   Skills:
 + Level 5.3 Fighting
 + Level 7.9 Ranged Weapons
 + Level 5.9 Dodging
 + Level 6.5 Stealth


You had 7 spell levels left.
You didn't know any spells.
Your spell library contained the following spells:

 Spells                   Type           Power      Damage    Failure   Level
 Fugue of the Fallen      Necr           0%         N/A       83%         3
 Ozocubu's Armour         Ice            0%         N/A       83%         3
 Manifold Assault         Tloc           0%         N/A       99%         4


Dungeon Overview and Level Annotations

Branches:
Dungeon (6/15)            Ossuary (visited)
 Temple: D:4-7

Altars:
Okawaru
Xom


Innate Abilities, Weirdness & Mutations

You are small and have problems with some larger weapons.
You are completely attuned to the shadows.


Message History

Aim: a gnoll bouda, wielding a +0 club and wearing a +0 robe (moderately wounded, 70% to hit)
You shoot an arrow. The arrow hits the gnoll bouda!
The arrow burns the gnoll bouda.
You kill the gnoll bouda!
Okawaru accepts your kill.
The gnoll hits you from afar with a +0 spear. x2
You are too injured to fight recklessly!
Fire: a) +0 shortbow (flame)
Press: ? - help, Q - select action Shift-Dir - straight line, f - gnoll
Aim: a gnoll, wielding a +0 spear (covering ground quickly, 70% to hit)
You shoot an arrow.
The arrow hits the gnoll but does no damage.
The gnoll is no longer moving quickly.
The gnoll misses you.
Fire: a) +0 shortbow (flame)
Press: ? - help, Q - select action Shift-Dir - straight line, f/p - gnoll
Aim: a gnoll, wielding a +0 spear (70% to hit)
You shoot an arrow. The arrow hits the gnoll.
The arrow burns the gnoll.
The gnoll is heavily wounded.
The gnoll closely misses you.
Fire: a) +0 shortbow (flame)
Press: ? - help, Q - select action Shift-Dir - straight line, f/p - gnoll
Aim: a gnoll, wielding a +0 spear (heavily wounded, 70% to hit)
You shoot an arrow. The arrow hits the gnoll.
The arrow burns the gnoll.
The gnoll is severely wounded.
The gnoll hits you from afar with a +0 spear.
* * * LOW HITPOINT WARNING * * *
Fire: a) +0 shortbow (flame)
Press: ? - help, Q - select action Shift-Dir - straight line, f/p - gnoll
Aim: a gnoll, wielding a +0 spear (severely wounded, 70% to hit)
You shoot an arrow.
The arrow hits the gnoll but does no damage.
The gnoll is severely wounded.
The gnoll hits you from afar with a +0 spear!
* * * LOW HITPOINT WARNING * * *
Fire: a) +0 shortbow (flame)
Press: ? - help, Q - select action Shift-Dir - straight line, f/p - gnoll
Aim: a gnoll, wielding a +0 spear (severely wounded, 70% to hit)
You shoot an arrow. The arrow barely misses the gnoll.
The gnoll hits you from afar with a +0 spear.
You die...

.........
.........
....?.)...
.....)g....
....@.......
)............
.............#
.$...........#
..>..........#
.............#
##.#+##....#######
#. #.#........#
#.####.....##


You could see a gnoll.

Vanquished Creatures
  An ogre (D:4)
  2 phantoms (D:5)
  A scorpion (D:5)
  A howler monkey (D:4)
  A bombardier beetle (D:3)
  2 gnoll boudas
  3 jellies
  2 orc priests (D:5)
  A hound (D:4)
  A sleepcap (D:5)
  An iguana (D:4)
  2 hound zombies (Ossuary)
  4 mummies (Ossuary)
  3 adders
  10 gnolls
  A white imp (D:5)
  An adder zombie (Ossuary)
  A dart slug (D:1)
  4 ribbon worms
  4 orcs
  3 ball pythons
  A bat (D:1)
  3 endoplasms
  5 giant cockroaches (D:1)
  5 goblins
  6 hobgoblins
  3 jackals (D:4)
  5 kobolds
  2 quokkas
  5 frilled lizards
  2 goblin zombies
  2 hobgoblin zombies (Ossuary)
  3 jackal zombies (Ossuary)
  A kobold zombie (Ossuary)
  2 orc zombies (Ossuary)
  A quokka zombie (D:4)
  3 rats (D:1)
98 creatures vanquished.

Notes
Turn   | Place    | Note
-------+----------+-------------------------------------------
     0 | D:1      | Doomgape the Kobold Hunter began the quest for the Orb.
     0 | D:1      | Reached XP level 1. HP: 12/12 MP: 1/1
   162 | D:1      | Reached XP level 2. HP: 18/18 MP: 2/2
   391 | D:1      | Reached XP level 3. HP: 22/22 MP: 3/3
   780 | D:2      | Found a faded altar of an unknown god.
  1157 | D:2      | Found a shimmering altar of Xom.
  1375 | D:3      | Reached XP level 4. HP: 28/28 MP: 4/4
  1412 | D:3      | You fall into a shaft and drop 3 floors!
  1428 | D:5      | Entered Level 5 of the Dungeon
  1518 | D:5      | Reached skill level 6 in Ranged Weapons
  1656 | D:5      | Reached XP level 5. HP: 27/32 MP: 5/5
  1658 | D:5      | Noticed a phantom
  1937 | D:5      | Noticed a phantom
  1948 | D:5      | Killed a phantom
  1949 | D:5      | Reached XP level 6. HP: 25/38 MP: 6/6
  2303 | D:4      | Noticed an ogre
  2308 | D:4      | Killed an ogre
  2309 | D:4      | Reached skill level 7 in Ranged Weapons
  2309 | D:4      | Reached skill level 5 in Stealth
  2309 | D:4      | Reached XP level 7. HP: 44/44 MP: 7/7
  2485 | D:4      | Reached skill level 5 in Dodging
  2727 | D:4      | Found a sand-covered staircase.
  2734 | Ossuary  | Entered an ossuary
  3566 | D:5      | Reached skill level 5 in Fighting
  3566 | D:5      | Reached XP level 8. HP: 49/49 MP: 8/8
  4057 | D:6      | Found an iron altar of Okawaru.
  4067 | D:6      | Became a worshipper of Warmaster Okawaru
  4116 | D:6      | Slain by a gnoll

Illustrated notes

Levels and vault maps discovered:
D:1:      dpeg_arrival_rhombus, layout_loops_cross, hex_medium,
          chequers_serial_rivers_micro_c
D:2:      layout_rooms, hellmonk_ecumenical_altar_heavens_door, basic_altar
D:3:      layout_basic
D:4:      layout_rooms, enter_ossuary_4
D:5:      layout_rooms
D:6:      layout_basic, mainiacjoe_overflow_tiny_flanked,
          okawaru_ov_weapons_minmay, cheibrodos_sewer_entry_bend,
          serial_park_tiny_2, minivault_19

Skill      XL: |  1  2  3  4  5  6  7 |
---------------+----------------------+-----
Stealth        | 2 3 4 5 6 |  6.5
Dodging        | 3 4 5 |  5.9
Fighting       | 3 4 5 |  5.3
Ranged Weapons | 6 7 |  7.9

Action                     |  1- 3 |  4- 6 |  7- 9 || total
---------------------------+-------+-------+-------++-------
   Fire: Shortbow          |    86 |    79 |   194 ||   359
    Use: Scroll            |     7 |     2 |     5 ||    14
 Armour: Leather armour    |    12 |    22 |    66 ||   100
  Dodge: Dodged            |    37 |    44 |   142 ||   223
